 Dungeon Crawl Stone Soup version 0.31.0-12-g77e489cdc1 (webtiles) character file.

Game seed: 17861737257067225935

2900 hawla the Torchbearer (level 9, 0/106 HPs)
             Began as a Minotaur Fighter on Feb 16, 2024.
             Was a Follower of Yredelemnul.
             Slain by a killer bee (1 damage)
             ... on level 9 of the Dungeon.
             The game lasted 00:15:54 (6938 turns).

hawla the Torchbearer (Minotaur Fighter)            Turns: 6938, Time: 00:15:56

Health: 0/106      AC: 14    Str: 32    XL:     9   Next: 49%
Magic:  23/23      EV:  9    Int:  7    God:    Yredelemnul [*.....]
Gold:   128        SH:  4    Dex:  9    Spells: 8/8 levels left

rFire   . . .        a - +1 war axe
rCold   . . .        c - +0 buckler
rNeg    . . .        m - +0 plate armour
rPois   +            (helmet unavailable)
rElec   +            (no cloak)
rCorr   .            z - +0 pair of gloves
SInv    .            o - +1 pair of boots of Subatiuf {rPois MP+9}
Will    +....        (no amulet) Stlth
                     f - ring "Cikiytar" {rElec Will+ Int+4}
HPRegen 0.37/turn    (no ring)
MPRegen 0.18/turn

%: no passive effects
@: berserking, marked, very quick
A: horns 3, retaliatory headbutt, camouflage 1, strong 2
a: Renounce Religion, Recall Undead Harvest


You were on level 9 of the Dungeon.
You worshipped Yredelemnul.
Yredelemnul was aware of your devotion.
You visited 2 branches of the dungeon, and saw 10 of its levels.

You collected 479 gold pieces.
You spent 351 gold pieces at shops.

Inventory:

Hand Weapons
 a - a +1 war axe (weapon)
Missiles
 e - 35 poisoned darts
 k - 4 datura-tipped darts (quivered)
 E - a throwing net
Armour
 c - a +0 buckler (worn)
 m - a +0 plate armour (worn)
 o - the +1 pair of boots of Subatiuf (worn) {rPois MP+9}
   (You found it on level 3 of the Dungeon)

   rPois:     It protects you from poison MP+9: It affects your magic capacity
   (+9).
 z - a +0 pair of gloves (worn)
 F - the +2 pair of boots "Gahocw" {Stlth+}
   (You found it on level 8 of the Dungeon)

   Stlth+:    It makes you more stealthy.
Jewellery
 f - the ring "Cikiytar" (left hand) {rElec Will+ Int+4}
   (You found it on level 2 of the Dungeon)

   [ring of willpower]

   Int+4:     It affects your intelligence (+4).
   rElec:     It insulates you from electricity.
   Will+:     It increases your willpower.
 t - a ring of fire
Wands
 g - a wand of charming (2)
 x - a wand of polymorph (17)
 y - a wand of mindburst (16)
 D - a wand of flame (21)
Scrolls
 p - 2 scrolls of blinking
 r - 2 scrolls of silence
 u - a scroll of vulnerability {unknown}
 v - a scroll of enchant weapon
 w - a scroll of poison
 B - a scroll of brand weapon {unknown}
 C - a scroll of identify
Potions
 b - 3 potions of haste
 d - 3 potions of might
 h - 3 potions of attraction
 i - 4 potions of enlightenment
 j - a potion of brilliance
 l - 2 potions of degeneration {unknown}
 n - 6 potions of curing
 q - a potion of berserk rage
 s - 2 potions of heal wounds {unknown}
 A - 2 potions of cancellation {unknown}
 G - a potion of mutation


   Skills:
 - Level 4.0 Fighting
 - Level 2.4 Axes
 - Level 6.0 Throwing
 - Level 3.6 Armour
 - Level 6.0 Dodging
 - Level 5.0 Shields
 + Level 8.5 Invocations
 - Level 4.0 Evocations


You had 8 spell levels left.
You didn't know any spells.
Your spell library was empty.

Dungeon Overview and Level Annotations

Branches:
Dungeon (9/15)             Temple (1/1) D:5
   Lair: D:8-11         Orc: D:9-12

Altars:
Ashenzari
Cheibriados
Dithmenos
Elyvilon
Fedhas
Gozag
Hepliaklqana
Kikubaaqudgha
Makhleb
Nemelex Xobeh
Qazlal
Sif Muna
Trog
Uskayaw
Wu Jian
Xom
Yredelemnul
Zin
The Shining One

Shops:
D:2 !   D:4 *   D:7 *


Innate Abilities, Weirdness & Mutations

You have a pair of large horns on your head.
You reflexively headbutt those who attack you in melee.
Your skin changes colour to match your surroundings (Stealth+).
Your muscles are very strong. (Str +8, Int/Dex -2)


Message History

The killer bee closely misses you. You furiously retaliate!
You headbutt the killer bee!
You kill the killer bee!
The dead are flying!
The killer bee barely misses you.
A yak comes into view.
The killer bee stings you but does no damage.
The wyvern bites you!
* * * LOW HITPOINT WARNING * * *
The centaur shoots an arrow.
The arrow closely misses you. The arrow hits your gnoll zombie!
Your gnoll zombie closely misses the killer bee.
Your killer bee zombie hits the hornet.
You closely miss the wyvern.
The wyvern is severely wounded.
You miss the killer bee.
The killer bee stings you but does no damage.
The wyvern bites you but does no damage.
The centaur shoots an arrow.
The arrow hits you but does no damage.
A yak comes into view.
The gnoll sergeant hits you but does no damage.
Your killer bee zombie barely misses the killer bee.
Your killer bee zombie hits the hornet.
The killer bee stings you but does no damage.
Your gnoll zombie hits the killer bee.
The wyvern bites you but does no damage.
You barely miss the wyvern.
The wyvern is severely wounded.
You hit the killer bee.
The centaur shoots an arrow.
The arrow hits your gnoll zombie!
Your gnoll zombie is destroyed!
The killer bee barely misses you.
Your killer bee zombie hits the killer bee.
A yak comes into view.
The wyvern bites you.
* * * LOW HITPOINT WARNING * * *
The centaur shoots an arrow.
The arrow hits you!
* * * LOW HITPOINT WARNING * * *
The killer bee stings you.
You die...
Your body rises from the dead as a mindless zombie.

..# ......
##.. .....
#...# ....
#....##..z
#......zZ##
#..$..z...#
#.....y...####
#....Z@......#
##..gy.kc....#
#....ZY.....#
##>.....Y...~
##...##..Y.P
####. ...Y. #
...Y .#.#


You could see 5 yaks, a hornet, a wyvern, a gnoll sergeant, a centaur, a killer
bee (ally target), 3 wights, 2 friendly killer bee zombies and a friendly gnoll
zombie.

Vanquished Creatures
  A hornet (D:7)
  A steam dragon (D:6)
  An acid dragon (D:8)
  A water moccasin (D:6)
  An ice beast (D:5)
  A sky beast (D:7)
  An ogre (D:4)
  A black bear (D:6)
  2 phantoms
  3 kobold brigands
  2 gnoll sergeants (D:8)
  2 bullfrogs
  A scorpion (D:4)
  A wight (D:6)
  5 killer bees (D:9)
  A howler monkey (D:4)
  A bombardier beetle (D:6)
  A hound (D:5)
  2 orc priests (D:5)
  A jelly (D:5)
  3 sleepcaps
  Terence (D:2)
  5 iguanas
  An orc wizard (D:5)
  14 gnolls
  8 adders
  4 shadow imps
  A white imp (D:7)
  5 dart slugs
  2 ribbon worms
  15 orcs
  6 bats
  6 endoplasms
  A giant cockroach (D:1)
  3 hobgoblins
  7 jackals
  5 quokkas
  5 ball pythons
  A frilled lizard (D:2)
  16 kobolds
  4 rats
143 creatures vanquished.

Vanquished Creatures (collateral kills)
  An ice beast (D:7)
  Blork the orc (D:6)
  2 wights (D:6)
  A hound (D:7)
  A gnoll (D:8)
  An orc (D:6)
  2 kobolds (D:8)
9 creatures vanquished.

Vanquished Creatures (others)
  2 bullfrog zombies
  A black bear zombie (D:6)
  3 gnoll zombies
  An iguana zombie (D:6)
  A spectral shadow imp (D:8)
  An adder zombie (D:6)
  A kobold zombie (D:7)
  3 orc zombies
13 creatures vanquished.

Grand Total: 165 creatures vanquished

Notes
Turn   | Place    | Note
-------+----------+-------------------------------------------
     0 | D:1      | hawla the Minotaur Fighter began the quest for the Orb.
     0 | D:1      | Reached XP level 1. HP: 19/19 MP: 0/0
   194 | D:1      | Reached XP level 2. HP: 27/27 MP: 1/1
   439 | D:1      | Reached XP level 3. HP: 30/33 MP: 2/2
   922 | D:2      | Reached skill level 5 in Shields
  1144 | D:2      | Noticed Terence
  1154 | D:2      | Killed Terence
  1155 | D:2      | Reached skill level 1 in Throwing
  1155 | D:2      | Reached skill level 1 in Dodging
  1155 | D:2      | Reached XP level 4. HP: 31/40 MP: 3/3
  1263 | D:2      | Found a blossoming altar of Fedhas.
  1272 | D:2      | Found Fyinufe's Distillery.
  1281 | D:2      | Bought a potion of mutation for 88 gold pieces
  1281 | D:2      | Bought a potion of curing for 33 gold pieces
  1281 | D:2      | Gained mutation: Your flesh is heat resistant. (rF+)
                  | [potion of mutation]
  1282 | D:2      | Lost mutation: Your flesh is heat resistant. (rF+) [potion
                  | of mutation]
  1282 | D:2      | Gained mutation: Your muscles are strong. (Str +4, Int/Dex
                  | -1) [potion of mutation]
  1282 | D:2      | Gained mutation: You sometimes lose your temper in combat.
                  | [potion of mutation]
  1282 | D:2      | Gained mutation: You have hidden genetic potential. [potion
                  | of mutation]
  1399 | D:2      | Identified the ring "Cikiytar" {rElec Will+ Int+4}
  1772 | D:3      | Noticed a phantom
  1787 | D:3      | Killed a phantom
  1788 | D:3      | Reached XP level 5. HP: 31/46 MP: 4/4
  1812 | D:3      | Gained mutation: You have great hidden genetic potential.
                  | [hidden potential]
  1936 | D:3      | Found a blossoming altar of Fedhas.
  1936 | D:3      | Found a snail-covered altar of Cheibriados.
  1945 | D:3      | Found a shimmering blue altar of Sif Muna.
  1947 | D:3      | Found a glowing silver altar of Zin.
  1949 | D:3      | Found a shimmering altar of Xom.
  2426 | D:3      | Identified the +1 pair of boots of Subatiuf {rPois MP+9}
  2792 | D:4      | Reached XP level 6. HP: 17/52 MP: 5/5
  2800 | D:4      | Gained mutation: Your flesh is cold resistant. (rC+)
                  | [hidden potential]
  2800 | D:4      | Lost mutation: You have great hidden genetic potential.
                  | [hidden potential expressed]
  3314 | D:4      | Found an opulent altar of Gozag.
  3464 | D:4      | Found Raimairph's General Store.
  3715 | D:2      | Bought a potion of berserk rage for 55 gold pieces
  3715 | D:2      | Bought a potion of enlightenment for 55 gold pieces
  3782 | D:5      | Entered Level 5 of the Dungeon
  3809 | D:5      | Reached skill level 5 in Dodging
  3809 | D:5      | Reached XP level 7. HP: 59/59 MP: 6/6
  3857 | D:5      | Found a staircase to the Ecumenical Temple.
  3884 | Temple   | Entered the Ecumenical Temple
  3895 | Temple   | Became a worshipper of Yredelemnul the Dark
  3990 | D:5      | Reached * piety under Yredelemnul
  3992 | D:5      | Gained mutation: You have large cloven feet. [hidden
                  | potential]
  3994 | D:5      | Reached skill level 5 in Throwing
  4240 | D:5      | Reached ** piety under Yredelemnul
  4489 | D:6      | Reached skill level 1 in Evocations
  4491 | D:6      | Noticed Blork the orc
  4499 | D:6      | Killed Blork the orc
  4500 | D:6      | Reached XP level 8. HP: 58/66 MP: 7/7
  4557 | D:6      | Gained mutation: Your mind is acute. (Int +4, Str/Dex -1)
                  | [hidden potential]
  4557 | D:6      | Lost mutation: You have hidden genetic potential. [hidden
                  | potential expressed]
  4633 | D:6      | Reached skill level 2 in Invocations
  4844 | D:6      | Your ally Blork died
  4848 | D:6      | Reached skill level 3 in Invocations
  5203 | D:6      | Reached skill level 4 in Invocations
  5374 | D:7      | Noticed a hornet
  5379 | D:7      | Killed a hornet
  5380 | D:7      | Reached skill level 5 in Invocations
  5458 | D:7      | Reached skill level 6 in Invocations
  5458 | D:7      | Reached XP level 9. HP: 71/71 MP: 12/12
  5805 | D:7      | Found Voocw's General Store.
  5808 | D:7      | Lost mutation: You have large cloven feet. [potion of
                  | mutation]
  5808 | D:7      | Lost mutation: Your flesh is cold resistant. (rC+) [potion
                  | of mutation]
  5808 | D:7      | Lost mutation: You sometimes lose your temper in combat.
                  | [potion of mutation]
  5808 | D:7      | Gained mutation: Armour fits poorly on your strangely
                  | shaped body. [potion of mutation]
  5808 | D:7      | Lost mutation: Your mind is acute. (Int +4, Str/Dex -1)
                  | [potion of mutation]
  5808 | D:7      | Gained mutation: Your flesh is cold resistant. (rC+)
                  | [potion of mutation]
  5808 | D:7      | Gained mutation: You passively map a small area around you.
                  | [potion of mutation]
  5809 | D:7      | Lost mutation: You passively map a small area around you.
                  | [potion of mutation]
  5809 | D:7      | Lost mutation: Armour fits poorly on your strangely shaped
                  | body. [potion of mutation]
  5809 | D:7      | Lost mutation: Your flesh is cold resistant. (rC+) [potion
                  | of mutation]
  5809 | D:7      | Gained mutation: Your skin changes colour to match your
                  | surroundings (Stealth+). [potion of mutation]
  5809 | D:7      | Gained mutation: You passively map a small area around you.
                  | [potion of mutation]
  5809 | D:7      | Gained mutation: You occasionally lose the ability to read
                  | scrolls when taking damage. [potion of mutation]
  5810 | D:7      | Bought a potion of mutation for 120 gold pieces
  5810 | D:7      | Lost mutation: You occasionally lose the ability to read
                  | scrolls when taking damage. [potion of mutation]
  5810 | D:7      | Lost mutation: You passively map a small area around you.
                  | [potion of mutation]
  5810 | D:7      | Gained mutation: You have a pair of large horns on your
                  | head. [potion of mutation]
  5810 | D:7      | Gained mutation: Your muscles are very strong. (Str +8,
                  | Int/Dex -2) [potion of mutation]
  6232 | D:8      | Found a glowing golden altar of the Shining One.
  6243 | D:8      | Reached skill level 7 in Invocations
  6426 | D:8      | Identified the +2 pair of boots "Gahocw" {Stlth+}
  6932 | D:9      | Reached skill level 8 in Invocations
  6938 | D:9      | HP: 1/106 [centaur/arrow (8)]
  6938 | D:9      | Slain by a killer bee

Illustrated notes

Levels and vault maps discovered:
D:1:      psy_arrival_conway, layout_loops_cross
D:2:      cheibrodos_old_hovel, layout_basic, serial_shops, shop, basic_altar,
          minmay_tetromino_t4, uniq_terence
D:3:      layout_basic, chequers_temple_overflow_minitemple
D:4:      layout_basic, nicolae_gozag_cash_rules_everything_around_me,
          serial_shops, shop_fountains, minmay_cupped
D:5:      layout_gridville, minmay_temple_entry_stoned_glass
D:6:      layout_rooms, nicolae_concentric_dashed_squares_mild,
          uniq_blork_the_orc
D:7:      layout_loops_cross, serial_shops, kennysheep_mini, grunt_ministairs_9,
          serial_library_hellmonk_h_bend
D:8:      layout_loops_cross, kennysheep_mini_moat,
          hangedman_abyss_or_decor_passed
D:9:      layout_cave_pools, amcnicky_altar_gilded, david_orc_2,
          chequers_big_river, kennysheep_small_spiral, uniq_erica
Temple:   hellmonk_temple_forest_ring

Skill      XL: |  1  2  3  4  5  6  7  8  9 |
---------------+----------------------------+-----
Fighting       | 4 |  4.0
Shields        | 4 5 |  5.0
Throwing       | 1 2 3 4 6 |  6.0
Dodging        | 1 3 5 6 |  6.0
Evocations     | 2 4 |  4.0
Invocations    | 6 8 |  8.5
Axes           | |  2.4
Armour         | |  3.6

Action                     |  1- 3 |  4- 6 |  7- 9 || total
---------------------------+-------+-------+-------++-------
  Melee: War axe           |    80 |    87 |   180 ||   347
         Headbutt          |     9 |    12 |    32 ||    53
 Invoke: Recall Undead Har |       |       |     1 ||     1
  Evoke: Wand              |       |       |     2 ||     2
    Use: Scroll            |     4 |     7 |     3 ||    14
         Potion            |       |     3 |     4 ||     7
   Stab: Distracted        |       |       |     1 ||     1
 Armour: Scale mail        |    50 |       |       ||    50
         Plate armour      |    13 |    95 |   226 ||   334
         Skin              |       |     4 |       ||     4
  Dodge: Dodged            |    46 |    38 |   112 ||   196
  Block: Buckler           |    17 |    21 |    58 ||    96
